 Dungeon Crawl Stone Soup version 0.30-a0-557-ge2afbf3030 (webtiles) character file.

Game seed: 15974367453586241859

20350 scionoferis the Grappler (level 12, 0/66 HPs)
             Began as a Vine Stalker Monk on Dec 27, 2022.
             Was a High Priest of Wu Jian.
             Slain by a death yak (9 damage)
             ... in an ice cave.
             The game lasted 00:39:06 (10827 turns).

scionoferis the Grappler (Vine Stalker Monk)       Turns: 10827, Time: 00:39:06

Health: 0/66       AC: 15    Str: 20    XL:     12   Next: 78%
Magic:  0/13       EV: 15    Int: 10    God:    Wu Jian [*****.]
Gold:   857        SH:  0    Dex: 16    Spells: 11/11 levels left

rFire   . . .      SeeInvis .      - Unarmed
rCold   . . .      Faith    .    (no shield)
rNeg    . . .      Spirit   +    R - +2 acid dragon scales
rPois   .          Reflect  .    V - +2 hat {Will+}
rElec   .          Harm     .    v - +0 cloak
rCorr   +          Rampage  .    n - +0 pair of gloves
Will    ++...                    i - +0 pair of boots
Stlth   ++                       D - amulet of magic regeneration
HPRegen 1.11/turn                (no ring)
MPRegen 0.53/turn                (no ring)

@: exhausted
A: fangs 3, regeneration 1, magic shield, antimagic bite, no potion heal 2
a: Renounce Religion, Wall Jump, Serpent's Lash, Heavenly Storm


You were in an ice cave.
You worshipped Wu Jian.
Wu Jian was extremely pleased with you.
You visited 2 branches of the dungeon, and saw 13 of its levels.
You also visited: Ice Cave.

You collected 857 gold pieces.


Innate Abilities, Weirdness & Mutations

You have razor-sharp teeth.
Your natural rate of healing is unusually fast.
When hurt, damage is shared between your health and your magic reserves.
Your bite disrupts and absorbs the magic of your enemies.
Potions cannot restore your health.


   Skills:
 + Level 9.0 Fighting
 + Level 5.4 Armour
 + Level 8.2 Dodging
 - Level 4.0 Stealth
 * Level 13.5 Unarmed Combat
 - Level 6.0 Evocations


You had 11 spell levels left.
You didn't know any spells.
Your spell library contained the following spells:

 Spells                   Type           Power      Damage    Failure   Level
 Apportation              Tloc           0%         N/A       43%         1
 Magic Dart               Conj           0%         1d3       43%         1
 Necrotise                Necr           0%         1d4       43%         1
 Summon Small Mammal      Summ           0%         N/A       43%         1
 Call Imp                 Summ           0%         N/A       58%         2
 Ensorcelled Hibernation  Hex/Ice        0%         N/A       58%         2
 Passwall                 Tmut/Erth      0%         N/A       58%         2
 Dazzling Flash           Conj/Hex       0%         N/A       82%         3
 Mephitic Cloud           Conj/Pois/Air  0%         N/A       82%         3
 Swiftness                Air            0%         N/A       82%         3
 Summon Ice Beast         Ice/Summ       0%         N/A       99%         4
 Agony                    Necr           0%         N/A       100%        5
 Alistair's Intoxication  Tmut/Pois      0%         N/A       100%        5
 Silence                  Hex/Air        0%         N/A       100%        5
 Summon Mana Viper        Hex/Summ       0%         N/A       100%        5
 Monstrous Menagerie      Summ           0%         N/A       100%        7

Inventory:

Missiles
 u - 2 throwing nets
 x - 3 curare-tipped darts
 A - 15 poisoned darts (quivered)
 M - 5 boomerangs
 O - 6 javelins
Armour
 i - a +0 pair of boots (worn)
   (You found it on level 2 of the Dungeon)
 n - a +0 pair of gloves (worn)
   (You found it on level 4 of the Dungeon)
 r - an orb of light
   (You found it on level 4 of the Dungeon)
 v - a +0 cloak (worn)
   (You found it on level 5 of the Dungeon)
 z - a +0 buckler
   (You found it on level 6 of the Dungeon)
 R - +2 acid dragon scales (worn)
   (You took it off Maggie on level 9 of the Dungeon)
 U - a +1 hat of see invisible
   (You found it on level 10 of the Dungeon)
 V - a +2 hat of willpower (worn)
   (You found it on level 10 of the Dungeon)
Jewellery
 D - an amulet of magic regeneration (around neck)
   (You found it on level 7 of the Dungeon)
Wands
 e - a wand of mindburst (17)
   (You took it off an orc on level 8 of the Dungeon)
 o - a wand of acid (7)
   (You found it on level 7 of the Dungeon)
 E - a wand of iceblast (13)
   (You found it on level 7 of the Dungeon)
 J - a wand of paralysis (9)
   (You took it off a gnoll on level 8 of the Dungeon)
 T - a wand of flame (24)
   (You took it off an orc on level 10 of the Dungeon)
Scrolls
 c - a scroll of noise
 f - a scroll of brand weapon {unknown}
 h - 2 scrolls of fear
 j - 2 scrolls of blinking
 s - a scroll of magic mapping
 t - a scroll of summoning
 H - a scroll of teleportation
Potions
 a - 4 potions of lignification {unknown}
 b - 3 potions of ambrosia
 d - a potion of berserk rage {unknown}
 l - 5 potions of curing
 m - a potion of degeneration {unknown}
 q - 3 potions of attraction {unknown}
 B - 2 potions of flight {unknown}
 C - 2 potions of brilliance {unknown}
 I - 4 potions of magic {unknown}
 K - 2 potions of heal wounds {unknown}
 N - a potion of cancellation {unknown}
 S - a potion of mutation {unknown}

Dungeon Overview and Level Annotations

Branches:
Dungeon (12/15)            Temple (1/1) D:4            Lair (0/5) D:10
    Orc (0/2) D:12          IceCv (1/1)

Altars:
Ashenzari
Cheibriados
Dithmenos
Elyvilon
Fedhas
Gozag
Hepliaklqana
Kikubaaqudgha
Makhleb
Nemelex Xobeh
Okawaru
Qazlal
Ru
Sif Muna
Trog
Uskayaw
Vehumet
Wu Jian
Xom
Yredelemnul
Zin
The Shining One

Shops:
D:2 !   D:6 (

Portals:
Trove: D:10 (show abyssal rune of Zot)

Annotations:
D:4 vault needs dig

########
##......#
####....#....
####.@Yk####
. ###....####
###....###
###....###
#....###
#.†###
##†.####
##....####
##......###


You could see a death yak and a rime drake (corroded).


Message History

The yak gores you!
You punch the yak!
You kill the yak!
The Council accepts your kill.
Throw: 2 darts (curare)
Press: ? - help, Q - select action, (/) - cycle Shift-Dir - straight line, f/p - yak
Aim: a yak (almost dead, 74% to hit)
You throw a curare-tipped dart.
The curare-tipped dart barely misses the manticore.
The curare-tipped dart hits the yak.
The yak is poisoned.
The yak convulses.
You kill the yak!
The Council accepts your kill. The manticore closely misses you.
The manticore barely misses you. The manticore completely misses you.
You have reached level 12!
You feel stronger.
Throw: dart (curare)
Press: ? - help, Q - select action, (/) - cycle Shift-Dir - straight line, f - yak
Aim: a yak (74% to hit)
You throw a curare-tipped dart.
The curare-tipped dart hits the manticore.
The manticore is poisoned.
The manticore convulses.
The manticore seems to slow down.
The manticore is moderately wounded.
You barely miss the manticore.
The manticore is moderately wounded.
The manticore bites you but does no damage.
The manticore misses you.
The manticore claws you but does no damage.
You punch the manticore! Your bite misses the manticore.
The manticore is heavily wounded.
The manticore bites you!! The manticore closely misses you.
The manticore claws you but does no damage.
You hit the manticore but do no damage.
The manticore is heavily wounded.
You hit the manticore. You bite the manticore. You drain its power.
You feel invigorated.
The manticore is severely wounded.
The manticore bites you but does no damage.
The manticore closely misses you.
The manticore claws you but does no damage.
You hit the manticore. You bite the manticore! You drain its power.
The manticore is almost dead.
You hit the manticore but do no damage. You bite the manticore.
You kill the manticore!
The Council accepts your kill.
The boulder beetle curls into a ball and begins rolling!
Throw: 14 darts (poison)
Press: ? - help, Q - select action, (/) - cycle Shift-Dir - straight line, f - boulder beetle, p - yak
Aim: a boulder beetle (heavily wounded, rolling, 90% to hit)
You throw a poisoned dart.
The poisoned dart hits the boulder beetle.
The boulder beetle is poisoned.
The boulder beetle is heavily wounded.
The boulder beetle stops rolling and uncurls.
You completely miss the yak. You bite the yak. You drain its power.
The yak is lightly wounded.
The yak closely misses you.
You punch the yak! You bite the yak, but do no damage.
The yak is heavily wounded.
The yak misses you.
You hit the yak. You bite the yak! You drain its power.
The yak is almost dead.
The yak gores you.
You hit the yak but do no damage.
The yak is almost dead.
The boulder beetle leaps!
You barely miss the yak. You bite the yak.
You kill the yak!
The Council accepts your kill.
You start resting.
Magic restored.
You start resting.
A boulder beetle is nearby!
Throw: 13 darts (poison)
Press: ? - help, Q - select action, (/) - cycle Shift-Dir - straight line, f/p - boulder beetle
Aim: a boulder beetle (severely wounded, 90% to hit)
You throw a poisoned dart.
The poisoned dart hits the boulder beetle.
The boulder beetle is poisoned.
The boulder beetle is severely wounded.
Unknown command.
You hit the boulder beetle but do no damage.
You bite the boulder beetle. You drain its power.
The boulder beetle is severely wounded.
The boulder beetle misses you.
You hit the boulder beetle.
The boulder beetle is almost dead.
The boulder beetle leaps!
The boulder beetle leaps!
x - a curare-tipped dart
Items here: ††††.
Throw: 12 darts (poison)
Press: ? - help, Q - select action, (/) - cycle Shift-Dir - straight line, f/p - boulder beetle
Aim: a boulder beetle (almost dead, poisoned, 90% to hit)
You throw a poisoned dart.
The poisoned dart hits the boulder beetle.
The boulder beetle is almost dead.
Throw: 11 darts (poison)
Press: ? - help, Q - select action, (/) - cycle Shift-Dir - straight line, f/p - boulder beetle
Aim: a boulder beetle (almost dead, poisoned, 90% to hit)
You throw a poisoned dart.
The poisoned dart hits the boulder beetle.
The boulder beetle is almost dead.
Throw: 10 darts (poison)
Press: ? - help, Q - select action, (/) - cycle Shift-Dir - straight line, f/p - boulder beetle
Aim: a boulder beetle (almost dead, poisoned, 90% to hit)
You throw a poisoned dart.
The poisoned dart hits the boulder beetle.
The boulder beetle is almost dead.
The boulder beetle looks more healthy.
The boulder beetle leaps!
Throw: 9 darts (poison)
Press: ? - help, Q - select action, (/) - cycle Shift-Dir - straight line, f/p - boulder beetle
Aim: a boulder beetle (almost dead, 90% to hit)
You throw a poisoned dart.
The poisoned dart hits the boulder beetle.
The boulder beetle is almost dead.
The boulder beetle waves its antennae.
Throw: 8 darts (poison)
Press: ? - help, Q - select action, (/) - cycle Shift-Dir - straight line, f/p - boulder beetle
Aim: a boulder beetle (almost dead, 90% to hit)
You throw a poisoned dart.
The poisoned dart hits the boulder beetle.
The boulder beetle is poisoned.
The boulder beetle is almost dead.
Throw: 7 darts (poison)
Press: ? - help, Q - select action, (/) - cycle Shift-Dir - straight line, f/p - boulder beetle
Aim: a boulder beetle (almost dead, poisoned, 90% to hit)
You throw a poisoned dart.
The poisoned dart hits the boulder beetle.
The boulder beetle looks even sicker.
The boulder beetle is almost dead.
The boulder beetle leaps!
Throw: 6 darts (poison)
Press: ? - help, Q - select action, (/) - cycle Shift-Dir - straight line, f/p - boulder beetle
Aim: a boulder beetle (almost dead, very poisoned, 90% to hit)
You throw a poisoned dart.
The poisoned dart barely misses the boulder beetle.
Throw: 5 darts (poison)
Press: ? - help, Q - select action, (/) - cycle Shift-Dir - straight line, f/p - boulder beetle
Aim: a boulder beetle (almost dead, very poisoned, 90% to hit)
You throw a poisoned dart.
The poisoned dart hits the boulder beetle.
The boulder beetle looks even sicker.
The boulder beetle is almost dead.
You kill the boulder beetle!
The Council accepts your kill.
A - 5 poisoned darts (gained 1)
A - 6 poisoned darts (gained 1)
A - 7 poisoned darts (gained 1)
A - 8 poisoned darts (gained 1)
A - 9 poisoned darts (gained 1)
You see here a boulder beetle corpse.
A - 10 poisoned darts (gained 1)
You see here a boulder beetle corpse.
Items here: ††††.
x - 2 curare-tipped darts (gained 1)
You see here a yak corpse.
A - 13 poisoned darts (gained 3);
x - 3 curare-tipped darts (gained 1)
You now have 823 gold pieces (gained 10).
As you open the door, it creaks loudly!
There is an open door here.
A wraith comes into view.
Found a long sword.
You punch the wraith!
The wraith is moderately damaged.
You barely miss the wraith.
The wraith is moderately damaged.
The wraith closely misses you.
You hit the wraith but do no damage. You punch the wraith.
You bite the wraith, but do no damage.
The wraith is heavily damaged.
The wraith barely misses you.
You closely miss the wraith. Your bite misses the wraith.
The wraith is moderately damaged.
The wraith hits you but does no damage.
You hit the wraith but do no damage. You bite the wraith. You drain its power.
The wraith is heavily damaged.
You barely miss the wraith. You bite the wraith. You drain its power.
The wraith is heavily damaged.
The wraith hits you. The wraith drains your vigour!
You feel yourself slow down.
You hit the wraith but do no damage.
The wraith is heavily damaged.
The wraith closely misses you.
You punch the wraith! You bite the wraith, but do no damage.
The wraith is severely damaged.
The wraith barely misses you.
You punch the wraith!
You destroy the wraith!
The Council accepts your kill.
No target in view!
Found an amulet of guardian spirit.
You see here a +0 long sword.
An orc comes into view. It is wielding a +0 flail.
Found a stone staircase leading up.
An orc comes into view. It is wielding a +0 club.
Found 15 gold pieces.
An orc wizard and an orc come into view.
The orc wizard is wielding a +1 dagger of electrocution.
The orc shouts! x2
You closely miss the orc. You punch the orc!
You kill the orc!
The Council accepts your kill.
You feel yourself speed up.
You punch the orc!
You kill the orc!
The Council accepts your kill.
You lunge at the orc wizard.
You punch the orc wizard!
You kill the orc wizard!
The Council accepts your kill. The orc hits you but does no damage.
Things that are here:
a +0 club; an orc corpse You closely miss the orc.
You bite the orc.
You kill the orc!
The Council accepts your kill.
Things that are here:
a +1 dagger of electrocution; a +0 robe; an orc corpse You now have 838 gold pieces (gained 15).
You open the door.
There is an open door here.
You open the door.
There is an open door here.
You open the door.
There is an open door here.
You open the door.
There is an open door here.
As you open the door, it creaks loudly!
There is an open door here.
You open the door.
There is an open door here.
There is an open door here.
Done exploring.
Done exploring.
Search for what [Enter for "long blade", or ? for help]? d: Unknown command.
There is a stone staircase leading down here.
You climb downwards.
You feel a wave of frost pass over you.
There is an entrance to an ice cave on this level.
Hurry and find it before the portal melts!
Found four items.
There is a stone staircase leading up here.
Search for what [Enter for "d:", or ? for help]? rC+ Unknown command.
Okay, then.
Unknown command.
The centaur shouts!
You hear a howl!
The centaur wields a +0 shortbow.
The centaur shoots an arrow.
The arrow barely misses you.
You lunge at the centaur.
You pummel the centaur!!
You kill the centaur!
The Council accepts your kill.
Found a scale mail.
Things that are here:
a +0 shortbow; a centaur corpse A yak comes into view.
A howler monkey comes into view.
The howler monkey hits you but does no damage.
The howler monkey barely misses you.
You barely miss the howler monkey. Your bite misses the howler monkey.
The howler monkey hits you but does no damage.
You closely miss the howler monkey. You bite the howler monkey.
You drain its power.
The howler monkey is moderately wounded.
You punch the howler monkey! You punch the howler monkey.
You bite the howler monkey.
You kill the howler monkey!
The Council accepts your kill.
You see here a howler monkey corpse.
Found a stone staircase leading up.
Found a stone staircase leading down.
You see here a +0 scale mail.
Found a cyan potion.
Found a scroll of identify.
A - 15 poisoned darts (gained 2)
An orc wizard and 3 orcs come into view.
The orc wizard is wielding a +0 dagger and wearing a +2 robe of positive energy.
The orc wizard shouts!
The orc shouts!
You punch the orc!
You kill the orc!
The Council accepts your kill.
Things that are here:
a +0 club; a +0 scale mail; an orc corpse You hit the orc.
You punch the orc. You bite the orc.
You kill the orc!
The Council accepts your kill. The orc wizard closely misses you.
You barely miss the orc wizard.
You punch the orc wizard, but do no damage.
The orc wizard hits you but does no damage.
The orc closely misses you.
You closely miss the orc wizard.
You bite the orc wizard, but do no damage.
The orc barely misses you.
The orc wizard hits you but does no damage.
You punch the orc wizard! You bite the orc wizard.
You kill the orc wizard!
The Council accepts your kill. The orc hits you with a +0 flail.
You barely miss the orc. Your punch misses the orc. Your bite misses the orc.
You hear the faint crackling of a very distant melting archway.
You hit the orc.
The orc is lightly wounded.
The orc barely misses you.
You punch the orc!
You kill the orc!
The Council accepts your kill.
Things that are here:
a +0 flail; a +0 leather armour
Found a scroll labelled RITO ZUCUH.
f - a scroll labelled RITO ZUCUH
As you read the scroll of identify, it crumbles to dust.
c - a scroll of noise
As you read the scroll of magic mapping, it crumbles to dust.
You feel aware of your surroundings.
You sensed 1 shop/portal.
You hear the faint crackling of a very distant melting archway.
Things that are here:
a +0 flail; a +0 leather armour You now have 857 gold pieces (gained 19).
Things that are here:
a +0 club; a +0 leather armour
Things that are here:
a +0 club; a +0 scale mail; an orc corpse
Found a pair of boots.
A wraith comes into view.
There is a stone staircase leading up here.
You lunge at the wraith.
You hit the wraith but do no damage. The wraith barely misses you.
You punch the wraith! You bite the wraith. You drain its power.
The wraith is moderately damaged.
The wraith misses you.
You punch the wraith! You punch the wraith. You bite the wraith.
You destroy the wraith!
The Council accepts your kill.
You hear the faint crackling of a melting archway very nearby. 8 simulacra come into view.
Found a frozen archway.
You hit the wolf simulacrum. Your bite misses the wolf simulacrum.
The wolf simulacrum is lightly damaged.
The wolf simulacrum closely misses you.
You punch the wolf simulacrum!
The wolf simulacrum vaporises!
The Council accepts your kill.
You hit the polar bear simulacrum but do no damage.
You bite the polar bear simulacrum! You drain its power.
The polar bear simulacrum is moderately damaged.
You pummel the polar bear simulacrum!!
The polar bear simulacrum vaporises!
The Council accepts your kill.
You pummel the troll simulacrum!! You bite the troll simulacrum.
The troll simulacrum vaporises!
The Council accepts your kill.
You lunge at the death yak simulacrum, in a flurry of attacks.
You completely miss the death yak simulacrum.
You hit the death yak simulacrum but do no damage.
You bite the death yak simulacrum! You drain its power.
The death yak simulacrum is moderately damaged.
The death yak simulacrum completely misses you.
You hit the death yak simulacrum.
You bite the death yak simulacrum, but do no damage.
The death yak simulacrum is moderately damaged.
You completely miss the death yak simulacrum.
You bite the death yak simulacrum. You drain its power.
The death yak simulacrum is moderately damaged.
The death yak simulacrum closely misses you.
You pummel the death yak simulacrum!!
You bite the death yak simulacrum, but do no damage.
The death yak simulacrum is severely damaged.
The death yak simulacrum misses you.
You punch the death yak simulacrum!
The death yak simulacrum vaporises!
The Council accepts your kill.
You punch the troll simulacrum!
You punch the troll simulacrum, but do no damage.
You bite the troll simulacrum!
The troll simulacrum vaporises!
The Council accepts your kill.
Really stalk into that cloud of freezing vapour?
Okay, then.
You lunge at the cane toad simulacrum, in a flurry of attacks.
You pummel the cane toad simulacrum!!
You punch the cane toad simulacrum, but do no damage.
You bite the cane toad simulacrum.
The cane toad simulacrum vaporises!
The Council accepts your kill.
A centaur warrior comes into view.
You lunge at the cane toad simulacrum.
You barely miss the cane toad simulacrum.
You bite the cane toad simulacrum, but do no damage.
The cane toad simulacrum closely misses you.
The cane toad simulacrum attacks as you move away!
The cane toad simulacrum closely misses you.
You punch the cane toad simulacrum!
The cane toad simulacrum is heavily damaged.
The cane toad simulacrum hits you but does no damage.
You hit the cane toad simulacrum but do no damage.
You bite the cane toad simulacrum, but do no damage.
The cane toad simulacrum is heavily damaged.
You pummel the cane toad simulacrum!!
The cane toad simulacrum vaporises!
The Council accepts your kill.
The wolf simulacrum attacks as you move away!
The wolf simulacrum closely misses you. The wolf simulacrum misses you.
You closely miss the wolf simulacrum. You bite the wolf simulacrum.
You drain its power.
The wolf simulacrum is moderately damaged.
The wolf simulacrum bites you but does no damage.
You hit the wolf simulacrum.
The wolf simulacrum is severely damaged.
The wolf simulacrum bites you. The wolf simulacrum freezes you!
You barely miss the wolf simulacrum.
The wolf simulacrum is severely damaged.
The wolf simulacrum closely misses you.
You barely miss the wolf simulacrum. You bite the wolf simulacrum.
The wolf simulacrum vaporises!
The Council accepts your kill.
You hear the crackling of a melting archway.
The centaur warrior wields a +0 longbow.
The centaur warrior shoots an arrow.
The arrow hits you!
The centaur warrior shoots an arrow.
The arrow hits you!
You start resting.
Magic restored.
You start resting.
HP restored.
Your muscles tense, ready for explosive movement...
Your supernatural speed expires.
You lunge at the centaur warrior, in a flurry of attacks.
You catch the helpless centaur warrior completely off-guard!
You punch the centaur warrior! Your bite misses the centaur warrior.
The centaur warrior is moderately wounded.
You hit the centaur warrior.
The centaur warrior is heavily wounded.
The centaur warrior unwields a +0 longbow.
The centaur warrior hits you but does no damage.
The centaur warrior barely misses you.
You hit the centaur warrior but do no damage.
The centaur warrior is moderately wounded.
The centaur warrior hits you but does no damage.
The centaur warrior barely misses you.
You hit the centaur warrior.
The centaur warrior is heavily wounded.
The centaur warrior completely misses you.
The centaur warrior kicks you but does no damage.
You punch the centaur warrior! You bite the centaur warrior.
You drain its power.
The centaur warrior is severely wounded.
The centaur warrior misses you.
The centaur warrior kicks you but does no damage.
The centaur warrior closely misses you.
The centaur warrior kicks you but does no damage.
You hit the centaur warrior. You bite the centaur warrior! You drain its power.
The centaur warrior is almost dead.
The centaur warrior hits you.
The centaur warrior kicks you but does no damage.
You punch the centaur warrior!
You kill the centaur warrior!
The Council accepts your kill.
You see here a +0 longbow.
There is a frozen archway here.
Unknown command.
The world spins around you as you enter the gateway.
You enter an ice cave!
Found an ice covered gate leading back out of this place.
There is an ice choked empty arch of ancient stone here.
The yak bellows!
The yak bellows!
You punch the yak! You punch the yak.
The yak is moderately wounded.
You barely miss the yak. You bite the yak. You drain its power.
The yak is moderately wounded.
The yak barely misses you.
You hit the yak. You bite the yak! You drain its power.
The yak is severely wounded.
The yak gores you!
You punch the yak!
You kill the yak!
The Council accepts your kill. The polar bear misses you.
The polar bear claws you but does no damage.
The polar bear misses you.
You punch the yak!
The yak is moderately wounded.
You barely miss the yak. You bite the yak! You drain its power.
The yak is moderately wounded.
You feel less exhausted. The polar bear barely misses you.
The polar bear completely misses you. The polar bear barely misses you.
The yak barely misses you.
You punch the polar bear!
The polar bear is moderately wounded.
The polar bear bites you. The polar bear closely misses you.
The polar bear claws you but does no damage.
The yak gores you.
You punch the polar bear! Your bite misses the polar bear.
The polar bear is heavily wounded.
The polar bear bites you but does no damage.
The polar bear claws you but does no damage.
The polar bear barely misses you. The yak gores you.
You hit the polar bear but do no damage.
You bite the polar bear. You drain its power.
You feel invigorated.
The polar bear is severely wounded.
The yak gores you. The polar bear bites you.
The polar bear claws you but does no damage.
The polar bear closely misses you. The yak gores you.
You barely miss the polar bear.
The polar bear is severely wounded.
Aiming: Wall Jump
Press: ? - help, Dir - move target You repeatedly attack the polar bear from above.
You hit the polar bear. Your bite misses the polar bear.
The polar bear is severely wounded.
You barely miss the polar bear.
The polar bear is severely wounded.
You repeatedly attack the yak from above.
You punch the yak!
The yak is moderately wounded.
You punch the yak! You bite the yak, but do no damage.
The yak is heavily wounded.
You hit the yak. Your bite misses the yak.
The yak is severely wounded.
You repeatedly attack the yak from above.
You punch the yak! You bite the yak! You drain its power.
You feel invigorated.
The yak is almost dead.
You punch the yak!
You kill the yak!
The Council accepts your kill. The yak misses you. The polar bear bites you.
The polar bear claws you but does no damage. x2
The yak closely misses you. The polar bear barely misses you.
The polar bear claws you but does no damage. x2
Unknown command.
You spin and attack the polar bear.
You closely miss the polar bear.
The polar bear is severely wounded.
You spin and attack the yak repeatedly.
You punch the yak! You punch the yak. You bite the yak, but do no damage.
The yak is almost dead.
You hit the yak.
You kill the yak!
The Council accepts your kill. The polar bear barely misses you.
The polar bear claws you but does no damage.
The polar bear misses you.
You punch the polar bear!
You kill the polar bear!
The Council accepts your kill.
Your Unarmed Combat skill increases to level 13!
You start resting.
HP restored.
Your movement speed is average.
Your attack delay is about 0.7.
Your damage rating with unarmed combat is about 22 (Base [3 + 13 (UC)] x 125% (Str) x 114% (Fight)).
Unknown command.
Unknown command.
A polar bear comes into view.
A rime drake and a polar bear come into view.
The polar bear growls angrily. x2; You hear a bellow!
You hear a howl!
A wolf comes into view. x2
The polar bear moves out of view.
The wolf howls!
You barely miss the wolf.
The wolf howls!
The wolf completely misses you.
You hear an angry growl.
You hear an angry hiss.
You punch the wolf! You bite the wolf.
You kill the wolf!
The Council accepts your kill. The wolf closely misses you. x2
A rime drake, a death yak and a wolf come into view.
You spin and attack the wolf repeatedly.
You closely miss the wolf.
The death yak bellows!
The polar bear growls angrily.
Your bite misses the wolf. You punch the wolf! Your bite misses the wolf.
The wolf is heavily wounded.
The wolf bites you but does no damage.
The wolf moves out of view.
You hit the wolf. Your bite misses the wolf.
The wolf is severely wounded.
The wolf closely misses you. The wolf completely misses you.
You spin and attack the wolf repeatedly.
You miss the wolf. Your bite misses the wolf.
The wolf is severely wounded.
You punch the wolf!
You kill the wolf!
The Council accepts your kill. The polar bear barely misses you.
The polar bear misses you.
The polar bear claws you but does no damage.
The wolf closely misses you.
You see here a wolf corpse.
The polar bear attacks as you move away!
The polar bear bites you. The polar bear closely misses you.
The polar bear claws you but does no damage.
The wolf bites you!
You punch the wolf!
The wolf is severely wounded.
The wolf closely misses you.
You barely miss the polar bear. You bite the polar bear! You drain its power.
You feel invigorated.
The polar bear is lightly wounded.
The wolf bites you but does no damage. The polar bear misses you. x3
Your muscles tense, ready for explosive movement...
Aiming: Wall Jump
Press: ? - help, Dir - move target You repeatedly attack the death yak from above, with incredible momentum.
You punch the death yak! Your bite misses the death yak.
The death yak is lightly wounded.
You pummel the death yak!!
The death yak is heavily wounded.
You pummel the death yak!! Your punch misses the death yak.
The death yak is almost dead.
You repeatedly attack the polar bear from above, with incredible momentum.
You hit the polar bear.
The polar bear is moderately wounded.
You pummel the polar bear!!
The polar bear is severely wounded.
Your supernatural speed expires.
Unknown command.
Aiming: Wall Jump
Press: ? - help, Dir - move target You repeatedly attack the polar bear from above.
You punch the polar bear!
You kill the polar bear!
The Council accepts your kill.
You repeatedly attack the death yak from above.
You hit the death yak.
You bite the death yak, but do no damage.
The death yak is almost dead.
You barely miss the death yak. Your bite misses the death yak.
The death yak is almost dead.
You punch the death yak!
You kill the death yak!
The Council accepts your kill. The wolf bites you but does no damage.
The wolf bites you.
Your Armour skill increases to level 5!
Unknown command.
You punch the wolf!
You kill the wolf!
The Council accepts your kill.
You punch the rime drake!
The rime drake is moderately wounded.
The rime drake bites you but does no damage.
The polar bear closely misses you. x3
You hit the rime drake. Your bite misses the rime drake.
The rime drake is moderately wounded.
The rime drake bites you.
You closely miss the rime drake.
The rime drake is moderately wounded.
The rime drake misses you. The polar bear misses you.
The polar bear closely misses you. x2
You hit the rime drake.
The rime drake is heavily wounded.
The rime drake misses you. The polar bear barely misses you. x2
The polar bear claws you but does no damage.
You hit the rime drake. You bite the rime drake! You drain its power.
The rime drake is almost dead.
The rime drake bites you but does no damage.
The polar bear bites you!
The polar bear claws you but does no damage.
The polar bear closely misses you.
You punch the rime drake!
You kill the rime drake!
The Council accepts your kill.
You barely miss the polar bear.
You bite the polar bear, but do no damage.
The polar bear bites you.
The polar bear claws you but does no damage. x2
You hit the polar bear.
The polar bear is lightly wounded.
The polar bear barely misses you.
The polar bear claws you but does no damage. x2
You punch the polar bear! You bite the polar bear! You drain its power.
The polar bear is heavily wounded.
The polar bear bites you but does no damage.
The polar bear barely misses you. The polar bear claws you.
You hit the polar bear. Your bite misses the polar bear.
The polar bear is heavily wounded.
You punch the polar bear!
You bite the polar bear, but do no damage.
The polar bear is almost dead.
The polar bear goes berserk!
You hit the polar bear but do no damage.
The polar bear is almost dead.
The polar bear closely misses you.
The polar bear claws you but does no damage.
The polar bear misses you.
You closely miss the polar bear.
The polar bear is almost dead.
The polar bear bites you but does no damage.
The polar bear barely misses you. The polar bear misses you.
You hit the polar bear but do no damage.
You bite the polar bear, but do no damage.
The polar bear is almost dead.
The polar bear misses you. The polar bear barely misses you.
The polar bear claws you but does no damage.
You barely miss the polar bear. Your bite misses the polar bear.
The polar bear is almost dead.
You feel less exhausted. The polar bear closely misses you.
The polar bear claws you but does no damage.
The polar bear barely misses you.
You punch the polar bear!
You kill the polar bear!
The Council accepts your kill.
You start resting.
HP restored.
Things that are here:
a polar bear corpse; a wolf corpse The rime drake hisses angrily.
Things that are here:
a polar bear corpse; a wolf corpse You start waiting.
A rime drake is nearby!
The rime drake closely misses you.
Things that are here:
a polar bear corpse; a wolf corpse You hit the rime drake but do no damage.
Your bite misses the rime drake. The rime drake bites you.
You closely miss the rime drake.
The rime drake bites you but does no damage.
You closely miss the rime drake. Your bite misses the rime drake.
The rime drake breathes ice at you. The icy flash freeze hits you!
You are encased in ice.
You closely miss the rime drake. Your punch misses the rime drake.
You bite the rime drake. You drain its power.
You feel invigorated.
The rime drake is lightly wounded.
The rime drake bites you but does no damage.
You hit the rime drake but do no damage.
You bite the rime drake. You drain its power.
The rime drake is moderately wounded.
The rime drake misses you.
You hit the rime drake.
The rime drake is moderately wounded.
The rime drake bites you but does no damage.
You punch the rime drake!
You bite the rime drake, but do no damage.
The rime drake is severely wounded.
The rime drake bites you.
You closely miss the rime drake. Your bite misses the rime drake.
The rime drake is severely wounded.
You pummel the rime drake!!
You kill the rime drake!
The Council accepts your kill. The ice encasing you melts away.
You start resting.
Magic restored.
You start resting.
HP restored.
An ice statue comes into view.
Marking area around an ice statue as unsafe for travelling.
A death yak comes into view.
You see here an emerald potion.
The death yak bellows!
The death yak gores you.
You hit the death yak but do no damage.
You punch the death yak, but do no damage.
You bite the death yak. You drain its power.
You feel invigorated.
The death yak is lightly wounded.
You punch the death yak!
The death yak is moderately wounded.
The death yak gores you.
You punch the death yak!
You punch the death yak, but do no damage.
Your bite misses the death yak.
The death yak is moderately wounded.
The death yak gores you.
You hit the death yak but do no damage.
The death yak is moderately wounded.
The death yak gores you!!
You punch the death yak!
The death yak is heavily wounded.
You barely miss the death yak. Your bite misses the death yak.
The death yak is heavily wounded.
The death yak closely misses you.
You punch the death yak!
You bite the death yak, but do no damage.
The death yak is severely wounded.
The death yak closely misses you.
You pummel the death yak!! You punch the death yak.
The death yak is almost dead.
The death yak barely misses you.
You completely miss the death yak. You punch the death yak.
You kill the death yak!
The Council accepts your kill.
Your Dodging skill increases to level 8!
You see here a death yak corpse.
You start resting.
Magic restored.
You start resting.
HP restored.
I - 3 emerald potions (gained 1)
I - 4 emerald potions (gained 1) Partly explored, can't reach some places.
Really stalk into a travel-excluded area? [Y]es or [N]o only, please.
Really stalk into a travel-excluded area?
Your muscles tense, ready for explosive movement...
You lunge with incredible momentum at the ice statue, in a flurry of attacks.
You pummel the ice statue!!
The ice statue is moderately damaged.
You punch the ice statue! You bite the ice statue.
The ice statue's magic leaks into the air.
You drain its magic.
The ice statue is heavily damaged.
Your supernatural speed expires.
You hit the ice statue. You punch the ice statue.
You bite the ice statue, but do no damage.
The ice statue is severely damaged.
You punch the ice statue! You bite the ice statue.
The ice statue's magic leaks into the air.
You drain its magic.
The ice statue is almost destroyed.
The ice statue gestures at you. The shard of ice hits you!
You hit the ice statue but do no damage.
You bite the ice statue.
The ice statue's magic leaks into the air.
You drain its magic.
You feel invigorated.
The ice statue is almost destroyed.
You hit the ice statue. You punch the ice statue.
The ice statue is almost destroyed.
You punch the ice statue!
You destroy the ice statue!
The Council accepts your kill.
You start resting.
HP restored.
You feel less exhausted.
A wolf and a death yak come into view.
A yak comes into view.
The death yak bellows!
The wolf howls!
You closely miss the wolf. Your bite misses the wolf.
The wolf closely misses you.
You pummel the wolf!! You bite the wolf.
You kill the wolf!
The Council accepts your kill.
You hit the death yak but do no damage. You punch the death yak!
You punch the death yak, but do no damage.
Your bite misses the death yak.
The death yak is lightly wounded.
You spin and attack the death yak.
You hit the death yak. Your bite misses the death yak.
The death yak is moderately wounded.
The death yak gores you but does no damage.
The yak attacks as you move away! The yak gores you.
You punch the death yak!
You punch the death yak, but do no damage.
Your bite misses the death yak.
The death yak is moderately wounded.
The death yak gores you but does no damage.
You hit the death yak but do no damage.
You bite the death yak, but do no damage.
The death yak is moderately wounded.
You punch the death yak!
You bite the death yak, but do no damage.
The death yak is heavily wounded.
You spin and attack the death yak.
You punch the death yak!
You punch the death yak, but do no damage.
The death yak is severely wounded.
The death yak closely misses you.
You hit the death yak.
The death yak is severely wounded.
The death yak gores you. The yak gores you!
You punch the death yak!
The death yak is almost dead.
The death yak gores you but does no damage.
The yak gores you.
You hit the death yak but do no damage.
The death yak is almost dead.
The death yak completely misses you. The yak misses you.
You punch the death yak!
You bite the death yak, but do no damage.
The death yak is almost dead.
You hit the death yak but do no damage.
You bite the death yak, but do no damage.
The death yak is almost dead.
The yak barely misses you. The death yak gores you!
You hit the death yak but do no damage. You bite the death yak.
You drain its power.
You feel invigorated.
The death yak is almost dead.
The death yak gores you but does no damage.
The yak closely misses you.
You hit the death yak but do no damage.
The death yak is almost dead.
The yak misses you. The death yak gores you!
You pummel the death yak!!
You kill the death yak!
The Council accepts your kill.
Training target 6.0 for Evocations reached!
Your Evocations skill increases to level 6!
You spin and attack the yak repeatedly.
You pummel the yak!! You bite the yak! You drain its power.
You feel invigorated.
The yak is severely wounded.
You punch the yak!
You kill the yak!
The Council accepts your kill.
You see here a death yak corpse.
You see here a yak corpse.
You start resting.
HP restored.
A yak comes into view.
A yak and a rime drake come into view.
The yak bellows! x2
You hit the yak but do no damage. The yak barely misses you.
You punch the yak!
The yak is moderately wounded.
The yak gores you!
You punch the yak! You bite the yak, but do no damage.
The yak is severely wounded.
You punch the yak! Your punch misses the yak. You bite the yak!
You drain its power.
You feel invigorated.
The yak is heavily wounded.
You punch the yak! You punch the yak.
You kill the yak!
The Council accepts your kill. The yak closely misses you.
You punch the yak!
You kill the yak!
The Council accepts your kill.
A death yak comes into view.
You start waiting.
A wolf comes into view.
The wolf howls!
You punch the wolf!
The wolf is heavily wounded.
The wolf misses you.
You closely miss the wolf.
The wolf is heavily wounded.
The wolf barely misses you.
You miss the wolf. You bite the wolf. You drain its power.
The wolf is severely wounded.
The wolf misses you.
You punch the wolf!
You kill the wolf!
The Council accepts your kill.
You see here a wolf corpse.
A death yak is nearby!
A death yak comes into view.
The death yak bellows! x2; You hear an angry hiss.
A rime drake comes into view.
Your muscles tense, ready for explosive movement...
You lunge with incredible momentum at the death yak.
You pummel the death yak!! You bite the death yak! You drain its power.
The death yak is moderately wounded.
Your supernatural speed expires.
You lunge at the death yak.
You punch the death yak!
The death yak is heavily wounded.
The death yak gores you!
You punch the death yak! You bite the death yak. You drain its power.
You feel invigorated.
The death yak is severely wounded.
The death yak gores you!
You punch the death yak!
You punch the death yak, but do no damage.
The death yak is almost dead.
You punch the death yak!
You kill the death yak!
The Council accepts your kill.
Your Fighting skill increases to level 9!
You hit the death yak. Your punch misses the death yak.
Your bite misses the death yak.
The death yak is lightly wounded.
The death yak gores you!
You hit the death yak.
You bite the death yak, but do no damage.
The death yak is lightly wounded.
The death yak gores you.
You punch the death yak! You bite the death yak. You drain its power.
You feel invigorated.
The death yak is moderately wounded.
You punch the death yak! You bite the death yak. You drain its power.
The death yak is moderately wounded.
The death yak gores you!
You hit the death yak but do no damage.
The death yak is moderately wounded.
The death yak gores you but does no damage.
You punch the death yak! You bite the death yak! You drain its power.
You feel invigorated.
The death yak is severely wounded.
The death yak gores you!
You barely miss the death yak. You bite the death yak! You drain its power.
You feel invigorated.
The death yak is severely wounded.
You hit the death yak but do no damage.
You bite the death yak, but do no damage.
The death yak is severely wounded.
The death yak gores you!!
* * * LOW HITPOINT WARNING * * *
Press: ? - help, v - describe, . - travel, g - get item
Here: a death yak (severely wounded) Item here: a death yak corpse.
The floor, spattered with blood.
Unknown command.
You barely miss the death yak. Your bite misses the death yak.
The death yak is severely wounded.
The death yak gores you.
Aiming: Corrosive Bolt
Press: ? - help, Shift-Dir - straight line, f - death yak
Aim: a death yak (severely wounded, 91% to hit)
The bolt of acid hits the death yak!!
The death yak is almost dead.
The bolt of acid hits the rime drake!
The acid corrodes the rime drake!
The rime drake is moderately wounded.
The death yak gores you!
You die...

Skill      XL: |  1  2  3  4  5  6  7  8  9 10 11 12 |
---------------+-------------------------------------+-----
Stealth        | 3 4 |  4.0
Unarmed Combat | 4 5 6 8 10 11 12 13 | 13.5
Fighting       | 3 4 5 6 7 8 9 |  9.0
Dodging        | 3 4 6 7 8 |  8.2
Evocations     | 1 3 5 6 |  6.0
Armour         | 1 3 4 5 |  5.4

Action                   |  1- 3 |  4- 6 |  7- 9 | 10-12 || total
-------------------------+-------+-------+-------+-------++-------
Melee: Unarmed           |   110 |   126 |   356 |   581 ||  1173
       Bite              |    20 |    37 |   112 |   195 ||   364
       Punch             |     3 |     5 |    20 |    45 ||    73
Throw: Dart              |       |       |     2 |    43 ||    45
       Boomerang         |       |       |       |     6 ||     6
Invok: Lunge             |       |     4 |    33 |    59 ||    96
       Whirlwind         |       |       |     1 |    49 ||    50
       Serpent's Lash    |       |       |       |    13 ||    13
 Abil: Wall Jump         |       |       |       |     3 ||     3
Evoke: Wand              |       |       |       |     3 ||     3
  Use: Scroll            |       |       |     7 |     7 ||    14
       Potion            |       |       |       |     1 ||     1
 Stab: Sleeping          |    14 |     7 |     8 |    13 ||    42
       Distracted        |       |       |     2 |     1 ||     3
Armor: Robe              |    19 |     4 |       |       ||    23
       Leather armour    |       |    25 |       |       ||    25
       Ring mail         |       |    16 |    86 |       ||   102
       Steam dragon scal |       |       |     3 |    44 ||    47
       Acid dragon scale |       |       |       |   102 ||   102
Dodge: Dodged            |    55 |    82 |   169 |   281 ||   587

Levels and vault maps discovered:
D:1:      dpeg_arrival_round_a, layout_basic,
          hellmonk_ecumenical_altar_leap_of_faith, hex_intersection,
          grunt_decor_fettered
D:2:      layout_rooms, serial_shops, nicolae_diamond_shop, uniq_natasha,
          uniq_sigmund
D:3:      layout_rooms, serial_glass, glass_columns_a, glass_columns_b,
          roderic_batcave
D:4:      layout_basic, minmay_temple_entry_tees, lightli_corner_chamber,
          uniq_blork_the_orc
D:5:      layout_loops_cross
D:6:      minmay_evil_eye, layout_gridville, grunt_temple_overflow_cloverleaf,
          serial_shops, nicolae_shop_stone, glass_columns_a,
          chequers_serial_rivers_micro_a, uniq_grinder
D:7:      layout_basic, grunt_ministairs_6, nicolae_elevator_lobby_plus
D:8:      layout_loops_ring
D:9:      minmay_bubble_buster, layout_basic, dk_noncrumbling_4,
          kennysheep_generic_room_7, uniq_maggie
D:10:     layout_loops_cross, erik_lair_island, enter_trove_0,
          ebering_ghost_rock_garden, hangedman_minor_magic
D:11:     layout_roguey, minmay_misc_feat_secret_circle
D:12:     layout_rooms, orc_0_dummy, serial_co_window_serial, co_window_paths_b,
          co_window_paths_a, co_window_paths_b, co_window_corner_a,
          co_window_paths_a, co_window_corner_ca, co_window_unsneaky_path_c,
          co_window_unsneaky_path_e, co_window_broadway_a,
          portal_ice_cave_entry_ice_simulacra, uniq_psyche
Temple:   dpeg_five_rooms_temple
IceCv:    ice_cave_small_giant

Notes
Turn   | Place    | Note
-------+----------+-------------------------------------------
     0 | D:1      | scionoferis the Vine Stalker Monk began the quest for the
                  | Orb.
     0 | D:1      | Reached XP level 1. HP: 11/11 MP: 2/2
   112 | D:1      | Reached XP level 2. HP: 10/16 MP: 1/3
   148 | D:1      | Reached skill level 3 in Stealth
   783 | D:1      | Reached XP level 3. HP: 19/19 MP: 2/4
   844 | D:1      | Found a faded altar of an unknown god.
  1075 | D:2      | Noticed Sigmund
  1134 | D:2      | Reached skill level 4 in Stealth
  1334 | D:3      | Gained mutation: Your natural rate of healing is unusually
                  | fast. [Vine Stalker growth]
  1334 | D:3      | Reached XP level 4. HP: 16/23 MP: 3/5
  1336 | D:3      | Reached skill level 4 in Unarmed Combat
  1823 | D:3      | Reached skill level 3 in Fighting
  1823 | D:3      | Reached XP level 5. HP: 28/28 MP: 6/6
  1986 | D:4      | Reached skill level 3 in Dodging
  2008 | D:4      | Noticed a kobold brigand
  2066 | D:4      | Found a staircase to the Ecumenical Temple.
  2068 | D:4      | Noticed Blork the orc
  2127 | D:4      | Killed Blork the orc
  2128 | D:4      | Reached skill level 5 in Unarmed Combat
  2128 | D:4      | Reached XP level 6. HP: 30/32 MP: 7/7
  2218 | Temple   | Entered the Ecumenical Temple
  2486 | Temple   | Became a worshipper of the Wu Jian Council
  2486 | Temple   | Reached * piety under Wu Jian
  2486 | Temple   | Reached ** piety under Wu Jian
  2893 | D:4      | Reached XP level 7. HP: 21/37 MP: 4/8
  3167 | D:5      | Entered Level 5 of the Dungeon
  3189 | D:5      | Reached skill level 4 in Fighting
  3189 | D:5      | Reached skill level 6 in Unarmed Combat
  3552 | D:5      | Reached skill level 4 in Dodging
  3850 | D:5      | Gained mutation: You have razor-sharp teeth. [Vine Stalker
                  | growth]
  3850 | D:5      | Reached XP level 8. HP: 37/42 MP: 6/9
  4137 | D:2      | Killed Sigmund
  4138 | D:2      | Reached skill level 7 in Unarmed Combat
  4161 | D:2      | Noticed Natasha
  4166 | D:2      | Killed Natasha
  4259 | D:2      | Noticed Natasha
  4266 | D:2      | Killed Natasha
  4285 | D:2      | Found Alyppep's Distillery.
  4317 | D:2      | Reached *** piety under Wu Jian
  4548 | D:6      | Found an iron altar of Okawaru.
  4551 | D:6      | Found an opulent altar of Gozag.
  4561 | D:6      | Reached skill level 5 in Fighting
  4572 | D:6      | Found a broken altar of Ashenzari.
  4575 | D:6      | Found a snail-covered altar of Cheibriados.
  4594 | D:6      | Noticed a shadow
  4607 | D:6      | Killed a shadow
  4608 | D:6      | Reached skill level 8 in Unarmed Combat
  4942 | D:6      | Found Ejuef's Antique Weapon Shop.
  5054 | D:6      | Reached XP level 9. HP: 46/47 MP: 8/10
  5180 | D:6      | Noticed Grinder
  5197 | D:6      | Killed Grinder
  5198 | D:6      | Reached skill level 5 in Dodging
  5304 | D:6      | Reached skill level 9 in Unarmed Combat
  5444 | D:6      | Reached skill level 6 in Fighting
  5756 | D:7      | Noticed a hornet
  5762 | D:7      | Killed a hornet
  6125 | D:7      | Reached **** piety under Wu Jian
  6354 | D:7      | Reached skill level 1 in Evocations
  6639 | D:8      | Reached skill level 1 in Armour
  6639 | D:8      | Reached skill level 10 in Unarmed Combat
  6712 | D:8      | Reached skill level 6 in Dodging
  6712 | D:8      | Reached XP level 10. HP: 41/53 MP: 11/11
  6819 | D:8      | Reached skill level 2 in Evocations
  7098 | D:8      | Noticed a two-headed ogre
  7196 | D:8      | Reached skill level 2 in Armour
  7214 | D:8      | Killed a two-headed ogre
  7215 | D:8      | Reached skill level 7 in Fighting
  7496 | D:9      | Reached skill level 3 in Evocations
  7514 | D:9      | Noticed a kobold demonologist
  7529 | D:9      | Killed a kobold demonologist
  7530 | D:9      | Reached skill level 11 in Unarmed Combat
  7536 | D:9      | Noticed a kobold demonologist
  7550 | D:9      | Noticed a smoke demon
  7551 | D:9      | Killed a kobold demonologist
  7905 | D:9      | Reached skill level 3 in Armour
  7968 | D:9      | Noticed a green ugly thing
  7973 | D:9      | Killed a green ugly thing
  7974 | D:9      | Reached XP level 11. HP: 58/58 MP: 12/12
  8234 | D:9      | Reached skill level 4 in Evocations
  8318 | D:9      | Noticed Maggie
  8329 | D:9      | Killed Maggie
  8330 | D:9      | Reached skill level 7 in Dodging
  8422 | D:10     | Entered Level 10 of the Dungeon
  8442 | D:10     | Paralysed by a hornet for 1 turns
  8694 | D:10     | Found a staircase to the Lair.
  8727 | D:10     | Found a portal to a secret trove of treasure.
  8747 | D:10     | Reached ***** piety under Wu Jian
  8748 | D:10     | Reached skill level 12 in Unarmed Combat
  8980 | D:10     | Reached skill level 4 in Armour
  9122 | D:10     | Noticed a deep elf pyromancer
  9126 | D:10     | Killed a deep elf pyromancer
  9127 | D:10     | Reached skill level 8 in Fighting
  9139 | D:10     | Noticed a deep elf zephyrmancer
  9143 | D:10     | Killed a deep elf zephyrmancer
  9194 | D:10     | Found a runed translucent gate.
  9194 | D:10     | Found a runed translucent gate.
  9194 | D:10     | Found a runed translucent gate.
  9195 | D:10     | Noticed Jackthecabe's ghost (novice DgCj)
  9438 | D:10     | Killed Jackthecabe's ghost
  9686 | D:11     | Reached skill level 5 in Evocations
  9802 | D:11     | Noticed a boulder beetle
  9802 | D:11     | Noticed a manticore
  9830 | D:11     | Reached XP level 12. HP: 54/65 MP: 13/13
  9861 | D:11     | Killed a boulder beetle
 10254 | D:12     | Found a frozen archway.
 10282 | D:12     | Noticed a centaur warrior
 10328 | D:12     | Killed a centaur warrior
 10333 | IceCv    | Entered an ice cave
 10350 | IceCv    | Reached skill level 13 in Unarmed Combat
 10376 | IceCv    | Noticed a death yak
 10383 | IceCv    | Killed a death yak
 10384 | IceCv    | Reached skill level 5 in Armour
 10480 | IceCv    | Noticed a death yak
 10491 | IceCv    | Killed a death yak
 10492 | IceCv    | Reached skill level 8 in Dodging
 10671 | IceCv    | Noticed a death yak
 10695 | IceCv    | Killed a death yak
 10696 | IceCv    | Reached skill level 6 in Evocations
 10748 | IceCv    | Noticed a death yak
 10807 | IceCv    | Noticed a death yak
 10817 | IceCv    | Killed a death yak
 10818 | IceCv    | Reached skill level 9 in Fighting
 10827 | IceCv    | Slain by a death yak

Vanquished Creatures
  A two-headed ogre (D:8)
  A centaur warrior (D:12)
  A boulder beetle (D:11)
  The ghost of Jackthecabe the Ducker, a novice DgCj (D:10)
  4 death yaks (IceCv)
  A deep elf pyromancer (D:10)
  A deep elf zephyrmancer (D:10)
  An ugly thing (D:9)
  A manticore (D:11)
  An ice statue (IceCv)
  2 rime drakes (IceCv)
  2 kobold demonologists (D:9)
  Maggie (D:9)
  A komodo dragon (D:11)
  2 hornets (D:7 D:10)
  2 trolls (D:10)
  3 polar bears (IceCv)
  Grinder (D:6)
  Sigmund (D:2)
  2 shadows (D:6 D:9)
  4 wraiths (D:10 D:11 D:12)
  19 yaks (D:8 D:9 D:11 IceCv)
  2 wyverns (D:9 D:10)
  A death yak simulacrum (D:12)
  2 steam dragons (D:7 D:9)
  2 water moccasins (D:6 D:8)
  An ice beast (D:6)
  A swamp drake (D:10)
  A sky beast (D:6)
  4 orc warriors (D:9 D:10)
  An ogre (D:5)
  7 wolves (D:10 IceCv)
  6 centaurs (D:5 D:6 D:9 D:11 D:12)
  Blork the orc (D:4)
  5 kobold brigands (D:6 D:9)
  8 bullfrogs (D:6 D:7 D:8 D:9)
  A necrophage (D:7)
  2 cane toad simulacra (D:12)
  3 scorpions (D:5 D:6 D:7)
  A gnoll sergeant (D:8)
  10 wights (D:8)
  7 killer bees (D:8 D:9)
  2 electric eels (D:10)
  7 howler monkeys (D:6 D:8 D:9 D:10 D:12)
  2 vampire bats (D:3)
  A crimson imp (D:10)
  8 hounds (D:4 D:6 D:10)
  An iron imp (D:10)
  3 orc priests (D:5 D:7 D:9)
  3 jellies (D:4 D:5 D:6)
  7 iguanas (D:4 D:5 D:6)
  Natasha (twice) (D:2)
  14 orc wizards (D:5 D:6 D:7 D:9 D:10)
  A polar bear simulacrum (D:12)
  2 troll simulacra (D:12)
  2 wolf simulacra (D:12)
  13 gnolls (D:4 D:3 D:2 D:5 D:6)
  7 adders (D:2 D:3 D:4 D:6)
  3 shadow imps (D:6 D:7 D:10)
  3 white imps (D:6 D:7 D:10)
  2 ufetubi (D:4 D:5)
  4 worms (D:3 D:4 D:2)
  3 dart slugs (D:3 D:5 D:2)
  48 orcs (D:5 D:6 D:7 D:8 D:9)
  4 ball pythons (D:1 D:3 D:2)
  7 endoplasms (D:1 D:2 D:3 D:4)
  4 giant cockroaches (D:1 D:2)
  4 goblins (D:1 D:2 D:3)
  3 hobgoblins (D:1 D:4 D:2)
  7 jackals (D:3 D:5)
  15 kobolds (D:1 D:2 D:3 D:6 D:9)
  2 quokkas (D:1)
  13 bats (D:1 D:2 D:3)
  5 frilled lizards (D:1 D:2 D:3)
  7 rats (D:1 D:2 D:3)
328 creatures vanquished.

Vanquished Creatures (others)
  2 orc wizards (D:10)
2 creatures vanquished.

Grand Total: 330 creatures vanquished

Table legend: (Time is in decaauts)
 A = Elapsed time spent in this place.
 B = Non-inter-level travel time spent in this place.
 C = Inter-level travel time spent in this place.
 D = Time resting spent in this place.
 E = Time spent auto-exploring this place.
 F = Levels seen in this place.
 G = Mean time per level.
                   A        B        C        D        E       F      G
               +--------+--------+--------+--------+--------+-----+--------+
         Total |  10696 |   9975 |    721 |    569 |   6532 |  14 |  764.0 |
       Dungeon |   9920 |   9289 |    631 |    458 |   6137 |  12 |  826.7 |
        Temple |    303 |    213 |     90 |      0 |    201 |   1 |  303.0 |
      Ice Cave |    473 |    473 |      0 |    111 |    194 |   1 |  473.0 |
               +--------+--------+--------+--------+--------+-----+--------+

Top non-repeatable levels by time:
     D:6: 1095 daAuts
    D:10: 1064 daAuts
     D:1: 1008 daAuts
     D:9: 999 daAuts
     D:4: 933 daAuts
     D:7: 886 daAuts
     D:5: 884 daAuts
     D:8: 881 daAuts
     D:2: 702 daAuts
     D:3: 681 daAuts
    D:11: 541 daAuts
   IceCv: 473 daAuts
  Temple: 303 daAuts
    D:12: 241 daAuts

Table legend:
 A = Non-vault XP
 B = Vault XP
 C = Vault XP percentage of total XP
 D = Non-vault monster count
 E = Vault monster count
 F = Vault count percentage of total count
                 A         B        C        D         E       F
            +---------+---------+-------+---------+---------+-------
      Total |   15158 |   13914 |  47.9 |     244 |      84 |  25.6
            +---------+---------+-------+---------+---------+-------
        D:1 |      38 |       0 |   0.0 |      24 |       0 |   0.0
        D:2 |     147 |     278 |  65.4 |      24 |       2 |   7.7
        D:3 |      73 |     118 |  61.8 |      18 |       6 |  25.0
        D:4 |     256 |     100 |  28.1 |      13 |       1 |   7.1
        D:5 |     610 |       0 |   0.0 |      25 |       0 |   0.0
        D:6 |    1084 |     620 |  36.4 |      23 |       6 |  20.7
        D:7 |     791 |     271 |  25.5 |      19 |       2 |   9.5
        D:8 |    2860 |       0 |   0.0 |      26 |       0 |   0.0
        D:9 |    3002 |    1774 |  37.1 |      27 |      13 |  32.5
       D:10 |    1937 |    3124 |  61.7 |      23 |      25 |  52.1
       D:11 |    3108 |       0 |   0.0 |      14 |       0 |   0.0
       D:12 |    1252 |     512 |  29.0 |       8 |       8 |  50.0
      IceCv |       0 |    7117 | 100.0 |       0 |      21 | 100.0
            +---------+---------+-------+---------+---------+-------
